 Dungeon Crawl Stone Soup version 0.28-a0-779-g3d1f99b579 (webtiles) character file.

Game seed: 7297678660328361248

276 siradein the Shield-Bearer (level 6, -8/39 HPs)
             Began as a Gargoyle Fighter on Nov 2, 2021.
             Mangled by an ogre (15 damage)
             ... on level 3 of the Dungeon.
             The game lasted 00:07:42 (4987 turns).

siradein the Shield-Bearer (Gargoyle Fighter)       Turns: 4987, Time: 00:07:43

Health: -8/39      AC: 15    Str: 20    XL:     6   Next: 25%
Magic:  6/6        EV:  7    Int:  9    God:
Gold:   225        SH:  4    Dex: 10    Spells: 5/5 levels left

rFire   . . .      SeeInvis .   a - +0 flail
rCold   . . .      Faith    .   c - +0 buckler
rNeg    + . .      Spirit   .   l - +0 chain mail
rPois   ∞          Reflect  .   (no helmet)
rElec   +          Harm     .   (no cloak)
rCorr   .          Rampage  .   (no gloves)
Will    .....                   n - +0 pair of boots
Stlth   ..........              (no amulet)
HPRegen 0.13/turn               (no ring)
MPRegen 0.10/turn               (no ring)

@: no status effects
A: sickness immunity, AC +4, negative energy resistance 1, electricity
resistance, torment resistance 1, petrification resistance
a: no special abilities


You were on level 3 of the Dungeon.
You visited 1 branch of the dungeon, and saw 4 of its levels.

You collected 225 gold pieces.

Inventory:

Hand Weapons
 a - a +0 flail (weapon)
 m - a +0 hunting sling
Missiles
 e - 390 stones (quivered)
 p - 103 sling bullets
Armour
 c - a +0 buckler (worn)
 l - a +0 chain mail (worn)
 n - a +0 pair of boots (worn)
Jewellery
 o - a ring of ice
Scrolls
 b - a scroll of enchant weapon {unknown}
 h - a scroll of fog {unknown}
 i - 3 scrolls of identify {unknown}
 j - a scroll of brand weapon {unknown}
 q - a scroll of noise {unknown}
Potions
 d - 2 potions of might
 f - 2 potions of curing {unknown}
 g - 3 potions of resistance {unknown}
 k - a potion of attraction {unknown}


   Skills:
 + Level 4.6 Fighting
 + Level 3.6 Maces & Flails
 + Level 4.6 Armour
 + Level 4.6 Shields


You had 5 spell levels left.
You didn't know any spells.
Your spell library contained the following spells:

 Spells                   Type           Power      Damage    Failure   Level
 Ignite Poison            Fire/Tmut/Pois 0%         N/A       100%        3
 Mephitic Cloud           Conj/Pois/Air  0%         N/A       100%        3
 Freezing Cloud           Conj/Ice/Air   0%         6-21      100%        5


Dungeon Overview and Level Annotations

Branches:
Dungeon (4/15)
 Temple: D:4-7

Altars:


Innate Abilities, Weirdness & Mutations

You are immune to sickness and miasma.
Your stone body is resilient. (AC +4)
You are immune to poison.
You resist negative energy. (rN+)
You are resistant to electric shocks. (rElec)
You are resistant to unholy torment.
You are immune to petrification.


Message History

You climb upwards.
There is a stone staircase leading down here.
The hobgoblin shouts!
The hobgoblin shoots a sling bullet.
The sling bullet barely misses you.
The hobgoblin shoots a sling bullet.
The sling bullet barely misses you.
The hobgoblin shoots a sling bullet.
The sling bullet hits you but does no damage.
The hobgoblin shoots a sling bullet.
You block the sling bullet.
The hobgoblin shoots a sling bullet.
The sling bullet barely misses you.
The hobgoblin shoots a sling bullet.
The sling bullet barely misses you.
The hobgoblin shoots a sling bullet.
The sling bullet hits you.
The hobgoblin shoots a sling bullet.
You block the sling bullet.
There is a stone staircase leading down here.
Things that are here:
a +0 halberd; a gnoll skeleton You see here a +0 spear.
You see here a +0 robe.
Your chain mail prevents you from hitting the ogre.
The ogre is lightly wounded.
You block the ogre's attack.
You sock the ogre!
The ogre is moderately wounded.
You block the ogre's attack.
You hit the ogre.
The ogre is heavily wounded.
You block the ogre's attack.
You hit the ogre.
The ogre is severely wounded.
The ogre barely misses you.
You hit the ogre but do no damage.
The ogre is severely wounded.
You block the ogre's attack.
You hit the ogre but do no damage.
The ogre is severely wounded.
The ogre hits you with a +0 giant spiked club!
* * * LOW HITPOINT WARNING * * *
You hit the ogre.
The ogre is severely wounded.
The ogre hits you with a +0 giant spiked club!
You die...

≈≈≈≈≈≈≈≈≈≈≈≈≈≈≈≈≈≈≈≈≈#
≈..≈≈.^..≈≈...≈≈≈....#
...........))........#
.......[...).........#
..#.#########.########
..'..............#
..##############.#
..g.....[.# #.#
...######.# #@# ...###
#.# #O# .....# #.# #g#
.....# #.######.#
.....####...g....#
.......###########
.......# .......#
.......#


You could see an ogre and a hobgoblin.

Vanquished Creatures
  An orc wizard (D:3)
  A hound skeleton (D:4)
  7 gnolls
  2 adders
  2 worms
  2 dart slugs
  9 orcs (D:3)
  9 endoplasms
  A giant cockroach (D:1)
  35 goblins
  26 hobgoblins
  3 jackals (D:1)
  4 kobolds
  A quokka (D:3)
  3 ball pythons (D:1)
  7 bats
  2 frilled lizards
  8 rats
123 creatures vanquished.

Notes
Turn   | Place    | Note
-------+----------+-------------------------------------------
     0 | D:1      | siradein the Gargoyle Fighter began the quest for the Orb.
     0 | D:1      | Reached XP level 1. HP: 14/14 MP: 1/1
   209 | D:1      | Reached XP level 2. HP: 14/19 MP: 2/2
   294 | D:1      | Found a faded altar of an unknown god.
   441 | D:1      | You fall into a shaft and drop 1 floor!
   684 | D:1      | Reached XP level 3. HP: 23/23 MP: 3/3
  1678 | D:3      | Reached XP level 4. HP: 25/29 MP: 4/4
  2459 | D:3      | Reached XP level 5. HP: 31/33 MP: 5/5
  4097 | D:3      | Reached XP level 6. HP: 35/39 MP: 6/6
  4987 | D:3      | Mangled by an ogre

Illustrated notes

Levels and vault maps discovered:
D:1:      elethiomel_arrival_infinity_welcomes_careful_drivers,
          layout_loops_cross, ebering_ecumenical_altar_sacrificial
D:2:      layout_rooms
D:3:      minmay_goblin_kobold_castle, layout_basic
D:4:      layout_gridville, vehumet_crystals, minmay_temple_entry_large_hall,
          uniq_menkaure, uniq_grinder

Skill      XL: |  1  2  3  4 |
---------------+-------------+-----
Fighting       | 4 |  4.6
Armour         | 4 |  4.6
Shields        | 4 |  4.6
Maces & Flails | 3 |  3.6

Action                   |  1- 3 |  4- 6 || total
-------------------------+-------+-------++-------
Melee: Flail             |    98 |   285 ||   383
 Fire: Hunting sling     |       |     2 ||     2
Throw: Stone             |       |     1 ||     1
Armor: Scale mail        |    33 |       ||    33
       Chain mail        |    24 |   239 ||   263
Dodge: Dodged            |    33 |   125 ||   158
Block: Buckler           |    21 |    88 ||   109

Table legend: (Time is in decaauts)
 A = Elapsed time spent in this place.
 B = Non-inter-level travel time spent in this place.
 C = Inter-level travel time spent in this place.
 D = Time resting spent in this place.
 E = Time spent auto-exploring this place.
 F = Levels seen in this place.
 G = Mean time per level.
                   A        B        C        D        E       F      G
               +--------+--------+--------+--------+--------+-----+--------+
         Total |   5105 |   5079 |     26 |    566 |   3269 |   4 | 1276.2 |
       Dungeon |   5105 |   5079 |     26 |    566 |   3269 |   4 | 1276.2 |
               +--------+--------+--------+--------+--------+-----+--------+

Top non-repeatable levels by time:
     D:3: 2564 daAuts
     D:2: 1367 daAuts
     D:1: 1025 daAuts
     D:4: 148 daAuts
